Unix NetHack Version 5.0.0-0 post-release - last build May 17 2026 04:57:42 (dc50c8380fa5e20985bfe3072449f57b8d9895ef,branch:main).

Game began 2026-05-18 12:03:27, ended 2026-05-18 12:23:02.

2932467751, neutral male gnomish Archeologist

                                                              ---------
                      --------                 ------         |.......|
                      |......|             ####|...[rr      ##-...{...|
                      |......|             ####..{[?|@      # |.^.....|
                     #....){..###          #  `|....|rr#######.....>..|
                     #-.------  ###       ##   |....|###  #   ---------
                     # ##         ##      #    ------####
 -------             #  ###        #########`
 |.....|          ####    ####            #
 |.....|    ----- #          #####        #
 |.....|    |....##              #       ##
 |.---.|    |...|       ---------.------ #
 |.| +..####|...|       |.......<.......
 |.---.|   #|...|       |......%.......|
 |.....|   #|...|       |...............
 |.....|   #....|       |..............|
 |.....|    -----       ----------------
 -------

2932467751 the Field Worker  St:14 Dx:7 Co:13 In:14 Wi:16 Ch:11  Neutral
Dlvl:3  $:20 HP:0(21) Pw:15(15) AC:9  Xp:3 T:939 

Latest messages:
 You miss the wererat.
 The wererat bites!
 You miss the wererat.
 The wererat bites!
 You lash the wererat.
 You miss the wererat.
 You lash the wererat.
 You lash the wererat.
 The wererat bites!
 You miss the wererat.
 The wererat bites!
 You miss the wererat.
 You lash the wererat.
 The wererat changes into a human.
 You lash the wererat.
 You see here 9 rusty crossbow bolts.
 With great effort you move the boulder.
 You find a sleeping gas trap.
 The door resists!
 The door resists!
 The door resists!
 The door opens.
 You hear a thud.
 Are you waiting to get hit?  Use 'm' prefix to force a no-op (to rest).
 Are you waiting to get hit?  Use 'm' prefix to force a no-op (to rest).
 Are you waiting to get hit?  Use 'm' prefix to force a no-op (to rest).
 Are you waiting to get hit?  Use 'm' prefix to force a no-op (to rest).
 You lash the wererat.
 Your hands no longer glow so brightly red.
 The wererat appears confused.
 The wererat summons help!
 A sewer rat suddenly appears next to you!
 A sewer rat suddenly appears next to you!
 A sewer rat suddenly appears next to you!
 The wererat bites!
 You lash the wererat.
 The sewer rat bites!
 The sewer rat bites!
 The sewer rat bites!
 The wererat bites!
 You feel feverish.
 You miss the wererat.
 The sewer rat bites!
 The sewer rat bites!
 You die...
 Do you want your possessions identified? [ynq] (y) y
 Do you want to see your attributes? [ynq] (y) y
 Do you want an account of creatures vanquished? [ynaq] (y) y
 Do you want to see your conduct and achievements? [ynq] (y) y
 Do you want to see the dungeon overview? [ynq] (y) y

Inventory:
 Coins    ('$')
  $ - 20 gold pieces
 Weapons  (')')
  q - 20 +0 darts
  m - a +0 orcish dagger
  a - a +2 bullwhip (weapon in right hand)
 Armor    ('[')
  c - an uncursed +0 fedora (being worn)
  b - an uncursed +0 leather jacket (being worn)
 Comestibles  ('%')
  j - an uncursed slime mold
  d - 2 uncursed food rations
  l - an uncursed lichen corpse
 Scrolls  ('?')
  k - an uncursed scroll of confuse monster
  p - an uncursed scroll of identify
  r - an uncursed scroll of scare monster
 Rings    ('=')
  o - a cursed ring of polymorph
 Wands    ('/')
  n - a wand of nothing (0:5)
 Tools    ('(')
  h - an empty uncursed sack
  i - a magic marker (0:21)
  e - a +0 pick-axe (alternate weapon; not wielded)
  f - a tinning kit (0:73)
 Gems/Stones  ('*')
  g - an uncursed touchstone

2932467751 the Archeologist's attributes:

Background:
 You were a Field Worker, a level 3 male gnomish Archeologist.
 You were neutral, on a mission for Camaxtli
 who was opposed by Quetzalcoatl (lawful) and Huhetotl (chaotic).
 You were right-handed.
 You were in the Dungeons of Doom, on level 3.
 You entered the dungeon 939 turns ago.
 There was a new moon in effect when your adventure ended.
 You had 50 experience points, 30 more were needed to attain level 4.

Basics:
 You had 0 out of 21 hit points.
 You had all 15 energy points (spell power).
 Your armor class was 9.
 Your wallet contained 20 zorkmids.
 Autopickup was off.

Final Characteristics:
 Your strength was 14 (limit:18/50).
 Your dexterity was 7 (limit:18).
 Your constitution was 13 (limit:18).
 Your intelligence was 14 (limit:19).
 Your wisdom was 16 (limit:18).
 Your charisma was 11 (limit:18).

Final Status:
 You weren't hungry.
 You were unencumbered.
 You were wielding a whip.
 You had basic skill with whip.

Final Attributes:
 You were fervently aligned.
 You were level-drain resistant.
 You had automatic searching.
 You had infravision.
 You would have confused monsters when hitting them.
 You were a wererat.
 You were harmed by silver.
 You were lucky.
 You are dead.

Miscellaneous:
 You didn't encounter any bones levels.
 Total elapsed playing time was 19 minutes and 32 seconds.

Major events:
 Turn
    1: 2932467751 the neutral male gnomish Archeologist entered the dungeon
  559: attained the rank of Field Worker (level 3)
  939: killed by a sewer rat

You didn't know any spells.

Skills:
 Fighting Skills
   bare handed combat [Unskilled]
   two weapon combat  [Unskilled]
   riding             [Unskilled]
 Weapon Skills
   dagger             [Unskilled]
   knife              [Unskilled]
   pick-axe           [Basic]
   short sword        [Unskilled]
   saber              [Unskilled]
   club               [Unskilled]
   quarterstaff       [Unskilled]
   sling              [Unskilled]
   dart               [Unskilled]
   boomerang          [Unskilled]
   whip               [Basic]
   unicorn horn       [Unskilled]
 Spellcasting Skills
   attack spells      [Unskilled]
   healing spells     [Unskilled]
   divination spells  [Unskilled]
   matter spells      [Unskilled]

Voluntary challenges:
 Character rerolling was not enabled.
 You followed a strict vegan diet.
 You were an atheist.
 You never genocided any monsters.
 You never polymorphed an object.
 You never changed form.
 You used no wishes.
Achievement:
 You attained the rank of Field Worker.

 The Dungeons of Doom: levels 1 to 3
    Level 1:
       An altar, some fountains.
    Level 2:
    Level 3: <- You were here.
       Some fountains, a sink.
       Final resting place for
          you, killed by a sewer rat.


Vanquished creatures:
  a little dog
  2 large kobolds
  2 jackals
  a kobold
  2 goblins
  a sewer rat
  a grid bug
  3 lichens
  2 newts
15 creatures vanquished.

No species were genocided or became extinct.

Game over:
                       ----------
                      /          \
                     /    REST    \
                    /      IN      \
                   /     PEACE      \
                  /                  \
                  |    2932467751    |
                  |      20 Au       |
                  |   killed by a    |
                  |    sewer rat     |
                  |                  |
                  |                  |
                  |       2026       |
                 *|     *  *  *      | *
        _________)/\\_//(\/(/\)/\//\/|_)_______

Goodbye 2932467751 the Archeologist...

You died in The Dungeons of Doom on dungeon level 3 with 318 points,
and 20 pieces of gold, after 939 moves.
You were level 3 with a maximum of 21 hit points when you died.

